 Dungeon Crawl Stone Soup version 0.22.2-1-ge965b3aba3 (webtiles) character file.

7 theanonym the Vexing (level 1, 0/14 HPs)
             Began as a Mummy Enchanter on Aug 31, 2021.
             Slain by a goblin
             ... wielding a +0 club
              (4 damage)
             ... on level 1 of the Dungeon.
             The game lasted 00:00:43 (701 turns).

theanonym the Vexing (Mummy Enchanter)               Turns: 701, Time: 00:00:43

Health: 0/14       AC:  7    Str: 11    XL:     1   Next: 91%
Magic:  4/4        EV:  9    Int: 14    God:
Gold:   7          SH:  0    Dex: 12    Spells: 4/5 levels left

rFire    x . .     SeeInvis .   d - -3 dagger (curse)
rCold    + . .     Gourm    .   (no shield)
rNeg     + + +     Faith    .   e - +0 scale mail
rPois    ∞         Spirit   .   (no helmet)
rElec    .         Reflect  .   (no cloak)
rCorr    .         Harm     .   (no gloves)
MR       .....                  c - +0 pair of boots
Stlth    +.........             (no amulet)
HPRegen  0.04/turn              (no ring)
MPRegen  0.09/turn              (no ring)

@: no status effects
A: no food or potions, fire vulnerability, cold resistance 1, negative energy
resistance 3, torment resistance, unbreathing
a: no special abilities


Innate Abilities, Weirdness & Mutations

You do not eat or drink.
Your flesh is vulnerable to fire.
You are immune to poison.
Your flesh is cold resistant. (rC+)
You are immune to negative energy. (rN+++)
You are immune to unholy pain and torment.
You can survive without breathing.


   Skills:
 + Level 0.7 Fighting
 * Level 1.3 Short Blades
 - Level 1.5 Dodging
 - Level 2.4 Stealth
 - Level 2.6 Spellcasting
 - Level 2.6 Hexes


You had 4 spell levels left.
You knew the following spells:

 Your Spells              Type           Power        Failure   Level  Hunger
a - Corona                Hex            #......      43%         1    N/A

Your spell library contained the following spells:

 Spells                   Type           Power        Failure   Level  Hunger
 Ensorcelled Hibernation  Hex/Ice        #.....       77%         2    N/A
 Confuse                  Hex            #.......     80%         3    N/A
 Tukima's Dance           Hex            #.......     80%         3    N/A
 Dazzling Spray           Conj/Hex       #.....       94%         3    N/A

Skill      XL: |  1 |
---------------+----+-----
Short Blades   | 1 |  1.3
Fighting       | |  0.7
Dodging        | |  1.5
Stealth        | |  2.4
Spellcasting   | |  2.6
Hexes          | |  2.6

Action                   || total
-------------------------++-------
Melee: Dagger            ||    81
  Use: Scroll            ||     2
 Stab: Sleeping          ||     1
Armor: Scale mail        ||    46
Dodge: Dodged            ||    56

Inventory:

Hand Weapons
 a - a +1 dagger
 d - a cursed -3 dagger (weapon)
   (You took it off a goblin on level 1 of the Dungeon)
Armour
 b - a +1 robe
 c - a +0 pair of boots (worn)
   (You found it on level 1 of the Dungeon)
 e - a +0 scale mail (worn)
   (You found it on level 1 of the Dungeon)
Scrolls
 f - a scroll of teleportation {unknown}


You were on level 1 of the Dungeon.
You were not hungry.

You visited 1 branch of the dungeon, and saw 1 of its levels.

You collected 7 gold pieces.

Dungeon Overview and Level Annotations

Branches:
Dungeon (1/15)

Altars:

#.##########..# ..............###
#.............##..###+######..#
####.....####.##..#........#..###
..##.....# #.##..#........#.....
..##...%.# #.##..+........#..##.
..##.....# #.##..#....<[..#..###
.[##.....# #.##..#........'..#
(.##.....# #.....#........#..#
..##.....# #.##@.#........#..#
...#.....# #.##.g######+###..#
...####### #.##.... ...#
#.##...... ...# #.######.## ####
#.# .# .. . #


You could see a goblin.

Notes
Turn   | Place    | Note
-------+----------+-------------------------------------------
     0 | D:1      | theanonym the Mummy Enchanter began the quest for the Orb.
     0 | D:1      | Reached XP level 1. HP: 13/13 MP: 4/4
    29 | D:1      | Reached skill level 1 in Short Blades
   223 | D:1      | HP: 6/14 [rat (3)]
   697 | D:1      | HP: 5/14 [goblin/club (3)]
   701 | D:1      | Slain by a goblin

Vanquished Creatures
  2 goblins (D:1)
  2 bats (D:1)
  3 kobolds (D:1)
  2 rats (D:1)
9 creatures vanquished.

Table legend:
 A = Turns spent in this place as a percentage of turns spent in the entire game.
 B = Non-inter-level travel turns spent in this place as a percentage of non-inter-level travel turns spent in the entire game.
 C = Inter-level travel turns spent in this place as a percentage of turns spent in this place.
 D = Turns resting spent in this place as a percentage of non-inter-level travel turns spent in this place.
 E = Turns spent auto-exploring this place as a percentage of non-inter-level travel turns spent in this place.
 F = Non-inter-level travel turns spent in this place divided by the number of levels of this place that you've seen.
                   A       B       C       D       E      F
               +-------+-------+-------+-------+-------+----------------------
         Total | 100.0 | 100.0 |   0.0 |  56.2 |  18.8 | 701.0
       Dungeon | 100.0 | 100.0 |   0.0 |  56.2 |  18.8 | 701.0
               +-------+-------+-------+-------+-------+----------------------
